 Dungeon Sprint DCSS version 0.22.1-1-ga44c0e56f4 (webtiles) character file.

795 MuseOD the Covert (level 7, 0/40 HPs)
             Began as a Spriggan Enchanter on Sept 27, 2018.
             Was a Follower of Dithmenos.
             Slain by a human (11 damage)
             ... in the Dungeon (Sprint III: "The Ten Rune Challenge").
             The game lasted 00:03:26 (569 turns).

MuseOD the Covert (Spriggan Enchanter)               Turns: 569, Time: 00:03:26

Health: 0/40       AC:  2    Str:  4    XL:     7   Next: 58%
Magic:  9/20       EV: 18    Int: 19    God:    Dithmenos [*.....]
Gold:   26         SH:  0    Dex: 16    Spells: 12/24 levels left

rFire    . . .     SeeInvis +   a - +1 dagger
rCold    . . .     Gourm    .   (shield restricted)
rNeg     . . .     Faith    .   b - +0 robe
rPois    .         Spirit   .   (helmet restricted)
rElec    .         Reflect  .   (no cloak)
rCorr    .         Harm     .   (gloves unavailable)
MR       +....     NoTele   +   (boots unavailable)
Stlth    ++++++....             (no amulet)
HPRegen  0.13/turn              (no ring)
MPRegen  0.17/turn              (no ring)

@: wreathed by umbra, very quick
A: very small, unfitting armour, see invisible, herbivore, speed 3, slow
metabolism 2
a: Renounce Religion


You were in the Dungeon.
You worshipped Dithmenos.
Dithmenos was aware of your devotion.
You were not hungry.

You visited 1 branch You collected 26 gold pieces.

Inventory:

Hand Weapons
 a - a +1 dagger (weapon)
Armour
 b - a +0 robe (worn)
Scrolls
 c - 2 scrolls of identify {unknown}
 i - 2 scrolls of holy word {unknown}
 j - a scroll of blinking
 k - 3 scrolls of remove curse
Potions
 e - 2 potions of curing
 f - a potion of heal wounds
 g - 2 potions of haste
 h - 2 potions of magic
 l - 2 potions of flight {unknown}
 m - 5 potions of mutation
Comestibles
 d - 5 rations


   Skills:
 + Level 6.1 Fighting
 * Level 11.4 Short Blades
 - Level 3.0 Dodging
 + Level 12.1 Stealth
 + Level 9.4 Spellcasting
 - Level 3.6 Hexes


You had 12 spell levels left.
You knew the following spells:

 Your Spells              Type           Power        Failure   Level  Hunger
a - Corona                Hex            ###....      1%          1    None
b - Ensorcelled Hibernat  Hex/Ice        ###...       5%          2    None
c - Confuse               Hex            ###.....     5%          3    None
d - Dazzling Spray        Conj/Hex       ###...       11%         3    None
e - Tukima's Dance        Hex            ###.....     5%          3    None

Your spell library contained the following spells:

 Spells                   Type           Power        Failure   Level  Hunger
 Confusing Touch          Hex            ###...       1%          1    None
 Animate Skeleton         Necr           N/A          8%          1    None
 Apportation              Tloc           #.....       8%          1    None
 Summon Small Mammal      Summ           #...         8%          1    None


Dungeon Overview and Level Annotations

Branches:
Dungeon (1/1)

Altars:
Dithmenos
Elyvilon
Kikubaaqudgha
Okawaru
Ru
Sif Muna
Trog
Uskayaw
Vehumet
Wu Jian
Yredelemnul
Zin
The Shining One
Beogh


Innate Abilities, Weirdness & Mutations

You are very small and have problems with some larger weapons.
You are too small for most types of armour.
You have supernaturally acute eyesight. (SInv)
You are a herbivore.
You cover ground extremely quickly.
You need to consume almost no food.


Message History

The human is dazzled.
The human completely misses you.
The human rages.
There is an open door here.
You closely miss the human.
The human is moderately wounded.
The human barely misses you.
You hit the human.
The human is moderately wounded.
You barely miss the human.
The human is moderately wounded.
The human misses you.
The human is no longer blind.
Casting: Dazzling Spray (safe; 11% risk of failure)
Confirm with . or Enter, or press ? or * to list all spells.
Aiming: Confuse (safe; 5% risk of failure)
Press: ? - help, Shift-Dir - straight line, p - human
Okay, then.
The human is no longer berserk.
The human hits you!
You die...

▓▓▓▓▓ ▓▓▓ ....♣
♣.############ ....♣♣♣
♣♣.#___#___#__# ....♣.♣
..#)..#__.#._#
....≈♣♣♣♣♣.###'#'###'##
...≈≈.♣♣...#....@.....#
..≈≈≈≈.♣...+.⌠..p.p...#
†.≈≈≈≈≈≈♣♣E#...######'#
.≈≈≈≈≈≈....#.⌠.# #...#
.≈≈≈≈≈.....#...# #...#
.≈≈≈.......#'### #...#
...........#.))# #...+
...........#___# +...#
▓▓▓▓▓▓▓▓▓▓▓▓▓▓▓▓ ▓▓▓▓▓


You could see 2 humans.

Vanquished Creatures
  A deep elf mage (D)
  A shadow (D)
  A necrophage (D)
  A scorpion (D)
  A jelly (D)
  A wizard (D)
  A necromancer (D)
  A human (D)
  A kobold demonologist (D)
  An ooze (D)
  3 rats (D)
13 creatures vanquished.

Vanquished Creatures (others)
  2 draconian scorchers (D)
  6 hellions (D)
  2 yaktaurs (D)
10 creatures vanquished.

Grand Total: 23 creatures vanquished

Notes
Turn   | Place    | Note
-------+----------+-------------------------------------------
     0 | D        | MuseOD the Spriggan Enchanter began the quest for the Orb.
     0 | D        | Reached XP level 1. HP: 9/9 MP: 5/5
     4 | D        | Reached skill level 5 in Stealth
     7 | D        | Reached skill level 1 in Fighting
    68 | D        | Reached XP level 2. HP: 15/15 MP: 6/8
    74 | D        | Noticed a scorpion
   100 | D        | Learned a level 2 spell: Ensorcelled Hibernation
   126 | D        | Killed a yaktaur
   130 | D        | Killed a hellion
   131 | D        | Killed a hellion
   165 | D        | Killed a hellion
   167 | D        | Killed a hellion
   168 | D        | Killed a hellion
   169 | D        | Killed a hellion
   233 | D        | Killed a scorpion
   233 | D        | Reached skill level 5 in Short Blades
   233 | D        | Reached skill level 7 in Stealth
   233 | D        | Reached skill level 5 in Spellcasting
   233 | D        | Reached XP level 3. HP: 19/19 MP: 0/10
   233 | D        | Reached XP level 4. HP: 23/23 MP: 0/12
   238 | D        | Learned a level 3 spell: Confuse
   242 | D        | Learned a level 3 spell: Dazzling Spray
   262 | D        | Killed a white draconian scorcher
   289 | D        | Killed a white draconian scorcher
   333 | D        | Learned a level 3 spell: Tukima's Dance
   333 | D        | Noticed a water elemental
   354 | D        | Found a glowing silver altar of Zin.
   354 | D        | Found a glowing golden altar of the Shining One.
   354 | D        | Found a white marble altar of Elyvilon.
   355 | D        | Noticed a deep elf mage
   357 | D        | Killed a deep elf mage
   357 | D        | Reached skill level 5 in Fighting
   357 | D        | Reached skill level 10 in Short Blades
   357 | D        | Reached skill level 11 in Stealth
   357 | D        | Reached XP level 5. HP: 30/30 MP: 12/16
   357 | D        | Reached XP level 6. HP: 35/35 MP: 13/18
   393 | D        | Found a basalt altar of Yredelemnul.
   393 | D        | Found a shadowy altar of Dithmenos.
   393 | D        | Found a sacrificial altar of Ru.
   396 | D        | Reached XP level 7. HP: 39/39 MP: 20/20
   400 | D        | Became a worshipper of Dithmenos the Shadowed
   413 | D        | Found a radiant altar of Vehumet.
   413 | D        | Found a deep blue altar of Sif Muna.
   413 | D        | Found an ancient bone altar of Kikubaaqudgha.
   434 | D        | Noticed a shadow
   450 | D        | Killed a shadow
   450 | D        | Reached * piety under Dithmenos
   450 | D        | Reached skill level 12 in Stealth
   520 | D        | Killed a yaktaur
   528 | D        | Found a hide-covered altar of Uskayaw.
   528 | D        | Found an iron altar of Okawaru.
   529 | D        | Found a roughly hewn altar of Beogh.
   529 | D        | Found a bloodstained altar of Trog.
   529 | D        | Found an ornate altar of the Wu Jian Council.
   529 | D        | Noticed a human
   529 | D        | Noticed a human
   569 | D        | Slain by a human

Skill      XL: |  1  2  3  4  5  6  7 |
---------------+----------------------+-----
Short Blades   | 4 5 10 11 | 11.4
Stealth        | 5 7 11 12 | 12.1
Spellcasting   | 4 5 8 9 |  9.4
Fighting       | 1 2 5 6 |  6.1
Dodging        | |  3.0
Hexes          | |  3.6

Action                   |  1- 3 |  4- 6 |  7- 9 || total
-------------------------+-------+-------+-------++-------
Melee: Dagger            |    16 |     3 |    18 ||    37
 Cast: Ensorcelled Hiber |     5 |       |     2 ||     7
       Confuse           |       |       |     4 ||     4
       Dazzling Spray    |       |       |     4 ||     4
  Use: Potion            |     1 |       |       ||     1
 Stab: Sleeping          |     5 |     3 |     2 ||    10
       Confused          |       |       |     2 ||     2
Dodge: Dodged            |     8 |       |    13 ||    21
